 Dungeon Crawl Stone Soup version 0.30-b1-2-g02819fbbbe (webtiles) character file.

Game seed: 7064618434824505414

2764 MajorAdolf the Trooper (level 9, -1/82 HPs)
             Began as a Naga Wanderer on May 6, 2023.
             Was an Initiate of Gozag.
             Slain by a steam dragon (10 damage)
             ... on level 8 of the Dungeon.
             The game lasted 00:13:37 (9384 turns).

MajorAdolf the Trooper (Naga Wanderer)              Turns: 9384, Time: 00:13:37

Health: -1/82      AC:  4    Str: 18    XL:     9   Next: 69%
Magic:  12/12      EV:  9    Int: 12    God:    Gozag
Gold:   621        SH:  0    Dex: 12    Spells: 7/12 levels left

rFire   . . .        k - +2 spear (venom)
rCold   + . .        (no shield)
rNeg    . . .        i - +0 scale mail
rPois   +            (no helmet)
rElec   .            (no cloak)
rCorr   .            c - +0 pair of gloves
SInv    +            (no barding)
Will    +....        (no amulet) Stlth
                     q - ring of protection from cold
HPRegen 0.33/turn    (no ring)
MPRegen 0.13/turn

%: no passive effects
@: corroded, very slow
A: AC +3, large, see invisible, deformed body, poison resistance, slowness 2,
spit poison 1, naga tail 1
a: Spit Poison, Renounce Religion, Potion Petition, Call Merchant, Bribe Branch


You were on level 8 of the Dungeon.
You worshipped Gozag.
Gozag was pleased with you.
You visited 2 branches of the dungeon, and saw 9 of its levels.

You collected 875 gold pieces.
You paid 254 gold pieces to Gozag.

Inventory:

Hand Weapons
 k - a +2 spear of venom (weapon)
 y - a +4 dagger
Missiles
 b - 3 curare-tipped darts (quivered)
 m - 15 poisoned darts
Armour
 c - a +0 pair of gloves (worn)
 i - a +0 scale mail (worn)
 r - an orb of mayhem
Jewellery
 q - a ring of protection from cold (left hand)
Wands
 d - a wand of iceblast (6)
 A - a wand of polymorph (8)
 B - a wand of digging (5)
Scrolls
 a - a scroll of poison
 g - 2 scrolls of identify
 h - 4 scrolls of teleportation
 n - 4 scrolls of noise
 p - a scroll of enchant armour {unknown}
 s - 2 scrolls of butterflies {unknown}
 u - a scroll of immolation
Potions
 e - a potion of flight
 f - 8 potions of curing
 j - 2 potions of might {unknown}
 l - a potion of attraction {unknown}
 o - a potion of invisibility {unknown}
 t - a potion of magic {unknown}
 v - a potion of lignification {unknown}
 w - 4 potions of brilliance
 x - 3 potions of berserk rage {unknown}
 z - 2 potions of degeneration {unknown}


   Skills:
 + Level 5.8 Fighting
 - Level 1.5 Short Blades
 + Level 5.6 Polearms
 - Level 2.6 Throwing
 + Level 5.0 Armour
 + Level 4.9 Dodging
 - Level 1.5 Stealth
 - Level 2.0 Spellcasting
 - Level 2.0 Transmutations
 + Level 5.4 Poison Magic
 + Level 2.0 Evocations


You had 7 spell levels left.
You knew the following spells:

 Your Spells              Type           Power      Damage    Failure   Level
a - Ignite Poison         Fire/Tmut/Pois 7%         N/A       65%         3
b - Poisonous Vapours     Pois/Air       14%        N/A       38%         2

Your spell library contained the following spells:

 Spells                   Type           Power      Damage    Failure   Level
 Beastly Appendage        Tmut           12%        N/A       34%         1
 Kiss of Death            Conj/Necr      4%         2d5       63%         1
 Olgreb's Toxic Radiance  Pois           14%        N/A       65%         4
 Mephitic Cloud           Conj/Pois/Air  5%         N/A       75%         3
 Scorch                   Fire           2%         2d5       77%         2
 Confusing Touch          Hex            1%         N/A       94%         3
 Ozocubu's Armour         Ice            1%         N/A       94%         3
 Volatile Blastmotes      Fire/Tloc      2%         2d10      94%         3
 Dispel Undead            Necr           1%         3d6       100%        4
 Flame Wave               Conj/Fire      1%         2d4       100%        4
 Fulminant Prism          Conj/Hex       0%         3d5       100%        4
 Iskenderun's Mystic Bla  Conj/Tloc      1%         2d3       100%        4
 Leda's Liquefaction      Hex/Erth       0%         N/A       100%        4
 Freezing Cloud           Conj/Ice/Air   0%         6-21      100%        5
 Lee's Rapid Deconstruct  Erth           0%         3d4*      100%        5
 Metabolic Englaciation   Hex/Ice        0%         N/A       100%        5
 Summon Cactus Giant      Summ           0%         N/A       100%        6
 Ozocubu's Refrigeration  Ice            0%         4d7       100%        7


Dungeon Overview and Level Annotations

Branches:
Dungeon (8/15)             Temple (1/1) D:4
   Lair: D:8-11

Altars:
Ashenzari
Cheibriados
Elyvilon
Gozag
Hepliaklqana
Makhleb
Okawaru
Ru
Sif Muna
Uskayaw
Vehumet
Xom
Yredelemnul
Zin

Shops:
D:3 [   D:8 (

Annotations:
D:4 3 runed translucent doors, MrCrawl's ghost, amateur DsNe


Innate Abilities, Weirdness & Mutations

Your serpentine skin is tough. (AC +3)
You have supernaturally acute eyesight. (SInv)
Armour fits poorly on your strangely shaped body.
Your system is resistant to poisons. (rPois)
You cover ground very slowly.
You can spit poison.
You have a snake-like lower body.


Message History

The steam dragon is lightly wounded.
You reach to attack!
You hit the steam dragon.
The steam dragon is lightly wounded.
You hit the steam dragon but do no damage.
The steam dragon looks as sick as possible!
The steam dragon is moderately wounded.
The steam dragon bites you but does no damage.
The steam dragon claws you but does no damage.
You hit the steam dragon.
The steam dragon is moderately wounded.
The steam dragon bites you but does no damage.
The steam dragon claws you.
You hit the steam dragon but do no damage.
The steam dragon looks as sick as possible!
The steam dragon is heavily wounded.
The steam dragon breathes steam at you. The ball of steam hits you!
You hear a roar!
You are too injured to fight recklessly!
You are too injured to fight recklessly!
Found 16 gold pieces.
The steam dragon barely misses you.
The steam dragon claws you but does no damage.
You are too injured to fight recklessly!
The steam dragon attacks as you move away!
The steam dragon closely misses you. The steam dragon claws you.
The steam dragon breathes steam at you. The ball of steam hits you.
Unknown command.
The acid dragon spits acid at you. The splash of acid hits you!!
* * * LOW HITPOINT WARNING * * *
The acid corrodes you!
You are too injured to fight recklessly!
You hit the steam dragon but do no damage.
The steam dragon is severely wounded.
You are engulfed in a cloud of scalding steam.
* * * LOW HITPOINT WARNING * * *
The steam dragon bites you!
You die...
Your body crumbles into a pile of gold.

#...##$# ..... #.
#...##.#.........
#.###...##.#.........
........+............
........#..#.........
.....................
..........§..........
##..D....D@..#.......
......§.§§§..§§......
......$§§..§#..######
.#......$####........
##.####.####)########
#. #.#............ #
?.#............
...#............
....#............


You could see a steam dragon (very poisoned, catching breath) and an acid
dragon.

Vanquished Creatures
  A wraith (D:8)
  2 sky beasts (D:7)
  A water moccasin (D:7)
  Duvessa (D:4)
  A black bear (D:7)
  2 ice beasts
  3 ogres
  A centaur (D:8)
  2 phantoms (D:5)
  A kobold brigand (D:7)
  4 bullfrogs
  2 scorpions
  Dowan (D:4)
  2 howler monkeys (D:7)
  5 hounds (D:5)
  2 jellies
  A gnoll bouda (D:5)
  7 orc priests
  4 iguanas
  An orc wizard (D:6)
  9 gnolls
  10 adders
  A shadow imp (D:6)
  An ufetubus (D:6)
  2 worms (D:4)
  3 dart slugs
  19 orcs
  13 ball pythons
  9 endoplasms
  3 giant cockroaches
  12 goblins
  10 hobgoblins
  8 jackals
  12 kobolds
  2 quokkas
  3 bats (D:1)
  4 frilled lizards
  A rat (D:1)
166 creatures vanquished.

Vanquished Creatures (others)
  A plant (D:1)
1 creature vanquished.

Grand Total: 167 creatures vanquished

Notes
Turn   | Place    | Note
-------+----------+-------------------------------------------
     0 | D:1      | MajorAdolf the Naga Wanderer began the quest for the Orb.
     0 | D:1      | MajorAdolf set off with the following items: a +2 dagger, 2
                  | curare-tipped darts, a +0 pair of gloves, a potion of heal
                  | wounds, a +0 leather armour; and the following spell
                  | memorised: Beastly Appendage; and the following spells
                  | available to memorise: Ignite Poison.
     0 | D:1      | Reached XP level 1. HP: 18/18 MP: 3/3
    61 | D:1      | Reached skill level 1 in Short Blades
   144 | D:1      | Reached XP level 2. HP: 14/25 MP: 5/5
   395 | D:1      | Reached XP level 3. HP: 31/31 MP: 6/6
   617 | D:1      | Got Sif Muna's Precepts of the Enchanted Bane
   739 | D:1      | Reached skill level 1 in Dodging
  1107 | D:2      | Reached XP level 4. HP: 38/38 MP: 7/7
  1220 | D:2      | Reached skill level 1 in Polearms
  2090 | D:3      | Reached XP level 5. HP: 38/45 MP: 8/8
  2147 | D:3      | Found Uvup's Antique Armour Shoppe.
  2165 | D:3      | Found a faded altar of an unknown god.
  2855 | D:4      | Reached XP level 6. HP: 20/55 MP: 9/9
  3676 | D:4      | Found a sacrificial altar of Ru.
  3682 | D:4      | Noticed Dowan
  3801 | D:4      | Noticed Duvessa
  3812 | D:4      | Killed Duvessa
  3813 | D:4      | Reached XP level 7. HP: 37/62 MP: 10/10
  3906 | D:4      | Killed Dowan
  4363 | D:4      | Found a runed translucent gate.
  4364 | D:4      | Found a runed translucent gate.
  4365 | D:4      | Found an opulent altar of Gozag.
  4365 | D:4      | Found a runed translucent gate.
  4368 | D:4      | Noticed a yak
  4368 | D:4      | Noticed MrCrawl's ghost (amateur DsNe)
  4577 | D:4      | Found a staircase to the Ecumenical Temple.
  5152 | Temple   | Entered the Ecumenical Temple
  5414 | D:5      | Entered Level 5 of the Dungeon
  5643 | D:5      | Learned a level 3 spell: Ignite Poison
  5646 | D:5      | Learned a level 2 spell: Poisonous Vapours
  6342 | D:5      | Reached skill level 1 in Poison Magic
  6342 | D:5      | Reached XP level 8. HP: 63/72 MP: 11/11
  7676 | D:7      | Reached skill level 5 in Fighting
  7786 | D:7      | Reached XP level 9. HP: 44/81 MP: 12/12
  7795 | D:7      | Reached skill level 5 in Polearms
  8117 | D:7      | Found an opulent altar of Gozag.
  8321 | D:7      | Became a worshipper of Gozag Ym Sagoz the Greedy
  8505 | D:7      | Reached skill level 1 in Evocations
  8607 | D:7      | Found a glowing silver altar of Zin.
  8968 | D:8      | Found Duckex's Weapon Emporium.
  9004 | D:8      | Reached skill level 5 in Poison Magic
  9252 | D:8      | Reached skill level 5 in Armour
  9384 | D:8      | Slain by a steam dragon

Illustrated notes

Levels and vault maps discovered:
D:1:      co_arrival_square_in_a_square_in_a_square, layout_loops_ring,
          hangedman_feature_mirror, chequers_jeans, serial_bayou_pond_b
D:2:      cheibrodos_greedy_goblins, layout_loops_ring
D:3:      layout_loops_cross, hellmonk_ecumenical_altar_leap_of_faith,
          serial_shops, nicolae_shop_just_a_little_nook, feat_on_display
D:4:      layout_layer_cave, general_overflow_altar,
          minmay_temple_entry_glassed_door, ebering_ghost_gozag, uniq_duvessa
D:5:      minmay_polygon_palace, layout_basic,
          amcnicky_mini_rare_corridor_liquid, kennysheep_generic_room_11
D:6:      layout_cave_pools, serial_column_ruins, column_ruins_hut_ruined,
          column_ruins_courtyard_long_water, column_ruins_open_small,
          column_ruins_corridor_straight, column_ruins_open_medium,
          column_ruins_grid_3, column_ruins_columns_straight
D:7:      layout_basic, pdpol_temple_overflow_zin_treasury_gozag_greed
D:8:      layout_basic, grunt_temple_overflow_open, serial_shops,
          nicolae_shop_tiny_glass
Temple:   grunt_temple_mini_profane

Skill      XL: |  1  2  3  4  5  6  7  8  9 |
---------------+----------------------------+-----
Short Blades   | 1 |  1.5
Dodging        | 1 2 3 4 |  4.9
Polearms       | 1 2 3 4 5 |  5.6
Fighting       | 2 3 4 5 |  5.8
Armour         | 2 3 4 5 |  5.0
Poison Magic   | 1 3 5 |  5.4
Evocations     | 2 |  2.0
Throwing       | |  2.6
Stealth        | |  1.5
Spellcasting   | |  2.0
Transmutations | |  2.0

Action                     |  1- 3 |  4- 6 |  7- 9 || total
---------------------------+-------+-------+-------++-------
  Melee: Dagger            |    19 |       |       ||    19
         Spear             |    64 |   192 |   426 ||   682
         Punch             |       |     3 |     4 ||     7
  Throw: Dart              |       |       |     1 ||     1
Ability: Spit Poison       |     8 |    12 |     4 ||    24
  Evoke: Wand              |       |       |     4 ||     4
    Use: Scroll            |       |       |     9 ||     9
         Potion            |       |       |     2 ||     2
   Stab: Distracted        |       |       |     1 ||     1
 Armour: Scale mail        |    46 |    68 |   155 ||   269
         Leather armour    |     2 |       |       ||     2
  Dodge: Dodged            |    26 |    71 |   142 ||   239
